 Dungeon Crawl Stone Soup version 0.31.0-11-ge490571c62 (webtiles) character file.

Game seed: 8476036069544438305

171 qw the Shooter (level 5, -2/26 HPs)
             Began as a Spriggan Hunter on Feb 4, 2024.
             Incinerated by a bombardier beetle (3 damage)
             ... with a burning spray
             ... on level 3 of the Dungeon.
             The game lasted 00:00:04 (1216 turns).

qw the Shooter (Spriggan Hunter)                    Turns: 1216, Time: 00:00:05

Health: -2/26      AC:  2    Str:  7    XL:     5   Next: 26%
Magic:  6/6        EV: 20    Int: 10    God:
Gold:   67         SH:  0    Dex: 21    Spells: 4/4 levels left

rFire   + . .        a - +0 shortbow
rCold   + . .        (shield currently unavailable)
rNeg    + . .        c - +0 robe
rPois   .            (helmet restricted)
rElec   .            e - scarf {rC+ rF+}
rCorr   .            (gloves unavailable)
SInv    +            (boots unavailable)
Will    .....        (no amulet)
Stlth   +            h - ring of positive energy
HPRegen 0.24/turn    (no ring)
MPRegen 0.10/turn

%: no passive effects
@: on fire, glowing, very quick
A: very small, no large weapons, unfitting armour, see invisible, speed 3
a: no special abilities


You were on level 3 of the Dungeon.
You visited 1 branch of the dungeon, and saw 3 of its levels.

You collected 67 gold pieces.


Innate Abilities, Weirdness & Mutations

You are very small and have problems with some larger weapons.
You are too small for most types of armour.
You have supernaturally acute eyesight. (SInv)
You cover ground extremely quickly. (Speed+++)


   Skills:
 - Level 2.2 Fighting
 + Level 5.4 Ranged Weapons
 - Level 5.0 Dodging
 - Level 1.5 Stealth


You had 4 spell levels left.
You didn't know any spells.
Your spell library was empty.

Inventory:

Hand Weapons
 a - a +0 shortbow (weapon)
Armour
 c - a +0 robe (worn)
 e - a scarf of resistance (worn)
Jewellery
 d - a ring of willpower
 h - a ring of positive energy (left hand)
Scrolls
 j - a scroll of teleportation
 l - a scroll of identify
Potions
 b - a potion of resistance
 f - a potion of berserk rage {unknown}
 g - 3 potions of haste {unknown}
 i - 3 potions of mutation {unknown}
 k - a potion of invisibility {unknown}
 m - a potion of attraction {unknown}

Dungeon Overview and Level Annotations

Branches:
Dungeon (3/15)

Altars:
Cheibriados
Sif Muna


Message History

You shoot an arrow. The arrow hits the jackal.
You kill the jackal!
The liquid fire burns you!
The bombardier beetle sprays incendiary fluid at you.
The burning spray hits you.
You are even more covered in liquid fire!
You have reached level 5!
You feel agile.
You shoot an arrow. The arrow hits the bombardier beetle!
The bombardier beetle is heavily wounded.
The liquid fire burns you!
You shoot an arrow. The arrow hits the bombardier beetle.
The bombardier beetle is heavily wounded.
The liquid fire burns you!
You shoot an arrow.
The arrow hits the bombardier beetle but does no damage.
The bombardier beetle is heavily wounded.
The liquid fire burns you!
You shoot an arrow. The arrow hits the bombardier beetle.
The bombardier beetle is severely wounded.
The liquid fire burns you!
You shoot an arrow. The arrow hits the bombardier beetle.
You kill the bombardier beetle!
The liquid fire burns you!
You are on fire!
The liquid fire burns you!
You are on fire!
The liquid fire burns you!
You are on fire!
The liquid fire burns you!
You are on fire!
The liquid fire burns you!
You are on fire!
The liquid fire burns you!
You are on fire!
The liquid fire burns you!
You are on fire!
The liquid fire burns you!
You are on fire!
The liquid fire burns you!
You die...

##.##..8..¤¤¤~~.##.# ###
#.##....~~~~¤¤....# #.#
##.#...~~~~~~¤¤.#.[###.#
..%..#..........#......#
.#.###...............###
##.. ............).##
#### #.#..8..### ...#
#.....# .... #..%@.#
.... ##'''## ##.) #.....
#.....# #.....# ..
#.....# ... #.._..# ..
#######


There were no monsters in sight!

Vanquished Creatures
  A bombardier beetle (D:3)
  A jelly (D:3)
  Jessica (D:2)
  4 gnolls (D:2)
  A ribbon worm (D:3)
  4 ball pythons
  3 endoplasms (D:2)
  A giant cockroach (D:2)
  3 goblins
  A hobgoblin (D:1)
  A jackal (D:3)
  5 kobolds
  2 quokkas (D:2)
  8 bats
  A frilled lizard (D:2)
  8 rats
45 creatures vanquished.

Notes
Turn   | Place    | Note
-------+----------+-------------------------------------------
     0 | D:1      | qw the Spriggan Hunter began the quest for the Orb.
     0 | D:1      | Reached XP level 1. HP: 10/10 MP: 2/2
     0 | D:1      | 0 ||| qw: Version: 0.3-a-160-g6735b56
     0 | D:1      | 0 ||| qw: Game counter: 5120
     0 | D:1      | 0 ||| qw: Melee chars always use a shield: true
     0 | D:1      | 0 ||| qw: God list: Okawaru
     0 | D:1      | 0 ||| qw: Allow faded altars: false
     0 | D:1      | 0 ||| qw: Do Orc after clearing Dungeon:15 true
     0 | D:1      | 0 ||| qw: Do second Lair branch before Depths: true
     0 | D:1      | 0 ||| qw: Lair rune preference: random
     0 | D:1      | 0 ||| qw: Goals: Normal
     0 | D:1      | 0 ||| PLANNING D:1-11
    66 | D:1      | Reached skill level 3 in Dodging
   172 | D:1      | Reached XP level 2. HP: 14/14 MP: 3/3
   363 | D:1      | 363 ||| UPGRADING to scarf of resistance.
   368 | D:1      | 368 ||| READING scroll labelled ATWIDU KASTY.
   369 | D:1      | 369 ||| READING scroll labelled EVU WOFUGAIFYA.
   369 | D:1      | 369 ||| IDENTIFYING sedimented golden potion
   370 | D:1      | 370 ||| READING scroll labelled NIAKLI ORAUCH.
   371 | D:1      | 371 ||| READING scroll labelled BEFEDD YPROM.
   372 | D:1      | 372 ||| DROPPING scroll of butterflies.
   373 | D:1      | 373 ||| DROPPING potion of brilliance.
   548 | D:2      | Noticed Jessica
   553 | D:2      | Killed Jessica
   554 | D:2      | Reached XP level 3. HP: 18/18 MP: 4/4
   733 | D:2      | Reached XP level 4. HP: 22/22 MP: 5/5
  1017 | D:2      | 1017 ||| UPGRADING to ring of positive energy.
  1018 | D:2      | 1018 ||| READING scroll labelled NOMUES DESEIWUK.
  1023 | D:2      | 1023 ||| READING scroll labelled ONI CIMIAKHIDGH.
  1024 | D:2      | 1024 ||| DRINKING 2 cyan potions.
  1149 | D:3      | Found a shimmering blue altar of Sif Muna.
  1196 | D:3      | Found a snail-covered altar of Cheibriados.
  1204 | D:3      | Reached XP level 5. HP: 21/26 MP: 6/6
  1212 | D:3      | HP: 5/26 [burnt (2)]
  1215 | D:3      | HP: 1/26 [burnt (2)]
  1216 | D:3      | Incinerated by a bombardier beetle

Levels and vault maps discovered:
D:1:      eino_arrival_water_cross, layout_rooms, nrook_uturn
D:2:      layout_loops_ring, st_stairs_9, uniq_jessica
D:3:      layout_rooms, mainiacjoe_overflow_catwalk, slow_altar_2,
          uniq_crazy_yiuf_cottage

Skill      XL: |  1  2  3  4 |
---------------+-------------+-----
Dodging        | 3 4 5 |  5.0
Ranged Weapons | 5 |  5.4
Fighting       | 2 |  2.2
Stealth        | |  1.5

Action                     |  1- 3 |  4- 6 || total
---------------------------+-------+-------++-------
   Fire: Shortbow          |    67 |    61 ||   128
    Use: Scroll            |     4 |     2 ||     6
         Potion            |       |     1 ||     1
 Armour: Robe              |     2 |     2 ||     4
  Dodge: Dodged            |    12 |    21 ||    33

Table legend:
 A = Non-vault XP
 B = Vault XP
 C = Vault XP percentage of total XP
 D = Non-vault monster count
 E = Vault monster count
 F = Vault count percentage of total count
                 A         B        C        D         E       F
            +---------+---------+-------+---------+---------+-------
      Total |     157 |      88 |  35.9 |      41 |       4 |   8.9
            +---------+---------+-------+---------+---------+-------
        D:1 |      17 |       0 |   0.0 |      11 |       0 |   0.0
        D:2 |      83 |      40 |  32.5 |      21 |       3 |  12.5
        D:3 |      57 |      48 |  45.7 |       9 |       1 |  10.0
            +---------+---------+-------+---------+---------+-------
